 Dungeon Crawl Stone Soup version 0.27-a0-1144-g0b7d3b79db (webtiles) character file.

Game seed: 14599972018935434120

2829 robertstho the Grappler (level 9, -7/132 HPs)
             Began as a Troll Berserker on May 10, 2021.
             Was a High Priest of Trog.
             Mangled by Duvessa
             ... wielding a +0 short sword
              (12 damage)
             ... on level 7 of the Dungeon.
             The game lasted 00:08:35 (5658 turns).

robertstho the Grappler (Troll Berserker)           Turns: 5658, Time: 00:08:35

Health: -7/132     AC:  4    Str: 28    XL:     9   Next: 45%
Magic:  0/8        EV:  8    Int:  8    God:    Trog [*****.]
Gold:   469        SH:  9    Dex:  9    Spells: 8/8 levels left

rFire    . . .     SeeInvis .     - Unarmed
rCold    . . .     Faith    .   i - +0 kite shield
rNeg     . . .     Spirit   +   a - +0 animal skin
rPois    .         Reflect  .   (helmet restricted)
rElec    .         Harm     .   (no cloak)
rCorr    .         Rampage  .   (gloves unavailable)
Will     .....                  (boots unavailable)
Stlth    ..........             l - amulet "Kumaotei" {Spirit Int+3 Stlth+}
HPRegen  1.32/turn              n - +4 ring of slaying
MPRegen  0.11/turn              (no ring)

@: berserking, lit by a corona, glowing, studying Armour, very quick
A: large, unfitting armour, claws 3, regeneration 1, shaggy fur 1, tough skin 1
a: Renounce Religion, Berserk, Trog's Hand, Brothers in Arms


You were on level 7 of the Dungeon.
You worshipped Trog.
Trog was extremely pleased with you.
You visited 1 branch of the dungeon, and saw 7 of its levels.
You also visited: Ossuary.

You collected 469 gold pieces.

Inventory:

Armour
 a - a +0 animal skin (worn)
 i - a +0 kite shield (worn)
Jewellery
 l - the amulet "Kumaotei" (around neck) {Spirit Int+3 Stlth+}
   (You found it on level 4 of the Dungeon)

   [amulet of guardian spirit]

   It causes incoming damage to be divided between your reserves of health and
   magic.
   It affects your intelligence (+3).
   It makes you more stealthy.
 n - a +4 ring of slaying (left claw)
Scrolls
 b - 2 scrolls of magic mapping {unknown}
 e - 2 scrolls of teleportation {unknown}
 f - a scroll of torment {unknown}
 h - 5 scrolls of amnesia {unknown}
 k - 2 scrolls of silence
 m - a scroll of summoning {unknown}
 r - a scroll of brand weapon
 s - a scroll of identify
 u - a scroll of immolation
 x - 2 scrolls of enchant armour
Potions
 c - 2 potions of curing
 d - 2 potions of lignification
 g - 2 potions of magic {unknown}
 j - 2 potions of brilliance {unknown}
 o - 2 potions of mutation {unknown}
 p - a potion of might {unknown}
 q - 4 potions of degeneration {unknown}
 v - a potion of resistance {unknown}
 w - a potion of berserk rage {unknown}
 z - a potion of attraction {unknown}


   Skills:
 * Level 5.2 Fighting
 + Level 4.1 Dodging
 + Level 1.7 Stealth
 + Level 2.7 Shields
 * Level 10.4 Unarmed Combat


You had 8 spell levels left.
You didn't know any spells.
Your spell library was empty.

Dungeon Overview and Level Annotations

Branches:
Dungeon (7/15)             Temple (0/1) D:6         Ossuary (visited)

Altars:
Gozag
Okawaru
Vehumet

Shops:
D:4 =   D:6 :

Annotations:
D:7 Duvessa


Innate Abilities, Weirdness & Mutations

You are too large for most types of armour.
You have claws for hands.
Your natural rate of healing is unusually fast.
You are covered in fur. (AC +1)
You have tough skin. (AC +1)


Message History

Duvessa screams, "No!
How DARE you!"
Duvessa goes berserk!
You scratch Duvessa.
Duvessa is lightly wounded.
Duvessa hits you with a +0 short sword! Duvessa barely misses you.
You barely miss Duvessa.
Duvessa is lightly wounded.
Duvessa hits you with a +0 short sword!
You claw Duvessa!
Duvessa is moderately wounded.
Duvessa hits you with a +0 short sword! Duvessa barely misses you.
You scratch Duvessa.
Duvessa is moderately wounded.
Duvessa hits you with a +0 short sword!
Your shield prevents you from hitting Duvessa.
Duvessa is moderately wounded.
You block Duvessa's attack. Duvessa hits you with a +0 short sword.
You barely miss Duvessa.
Duvessa is moderately wounded.
Duvessa hits you with a +0 short sword!
You are too injured to fight recklessly!
You are too injured to fight recklessly!
Unknown command.
A red film seems to cover your vision as you go berserk!
You feel yourself moving faster!
You feel mighty!
Duvessa hits you with a +0 short sword!!
Duvessa hits you with a +0 short sword!
* * * LOW HITPOINT WARNING * * *
You mangle Duvessa!!
Duvessa is severely wounded.
Duvessa hits you with a +0 short sword!
* * * LOW HITPOINT WARNING * * *
You claw Duvessa!
Duvessa is almost dead.
Duvessa hits you with a +0 short sword!!
* * * LOW HITPOINT WARNING * * *
You barely miss Duvessa.
Duvessa is almost dead.
Duvessa hits you with a +0 short sword!
You die...

#.# #..........#
#.# #######...##
#.# ##.## #.#
#.# #.# #.# #.#
##'## #.#
##...## ##.#
##.....## #.@#
#.......#
#.#e..#
#......... #.
......+.........
#.
...####.........
#. #.##
##........ #. ##
##.....#) #.
##...##. .. ##'#
#) #. #.


You could see Duvessa (berserk).

Vanquished Creatures
  A hornet (D:7)
  Menkaure (D:7)
  Edmund (D:6)
  2 ice beasts
  2 sky beasts (D:6)
  7 ogres
  Blork the orc (D:5)
  7 scorpions
  A wyvern skeleton (D:7)
  Dowan (D:7)
  3 wights (D:7)
  2 howler monkeys
  A bullfrog zombie (D:6)
  A centaur zombie (D:6)
  A jelly (D:6)
  An orc priest (D:3)
  2 hounds
  Jessica (D:3)
  2 iguanas
  2 orc wizards (D:6)
  A killer bee zombie (D:5)
  A hound zombie (D:5)
  A hound skeleton (D:4)
  4 mummies (Ossuary)
  3 gnolls (D:5)
  12 adders
  A white imp (D:5)
  2 adder skeletons (D:4)
  A worm (D:2)
  A dart slug (D:3)
  20 orcs
  6 ball pythons
  5 endoplasms
  2 giant cockroaches
  5 gnoll zombies (Ossuary)
  13 goblins
  9 hobgoblins
  9 jackals
  8 kobolds
  5 quokkas
  14 bats
  A frilled lizard (D:3)
  4 gnoll skeletons (Ossuary)
  5 goblin skeletons (Ossuary)
  6 goblin zombies
  6 hobgoblin skeletons (Ossuary)
  2 hobgoblin zombies (Ossuary)
  5 kobold skeletons (Ossuary)
  5 kobold zombies (Ossuary)
  An orc skeleton (Ossuary)
  2 orc zombies (Ossuary)
  8 rats
  3 rat skeletons (Ossuary)
  7 rat zombies (Ossuary)
218 creatures vanquished.

Vanquished Creatures (others)
  A hobgoblin skeleton (Ossuary)
  6 fungi (D:4)
7 creatures vanquished.

Grand Total: 225 creatures vanquished

Notes
Turn   | Place    | Note
-------+----------+-------------------------------------------
     0 | D:1      | robertstho the Troll Berserker began the quest for the Orb.
     0 | D:1      | Reached XP level 1. HP: 22/22 MP: 0/0
   150 | D:1      | Reached XP level 2. HP: 29/29 MP: 1/1
   520 | D:2      | Reached XP level 3. HP: 31/36 MP: 2/2
   561 | D:2      | Reached ** piety under Trog
   672 | D:2      | Found a faded altar of an unknown god.
   696 | D:2      | Reached skill level 4 in Unarmed Combat
   696 | D:2      | Reached XP level 4. HP: 26/45 MP: 3/3
  1716 | D:3      | Reached XP level 5. HP: 45/53 MP: 4/4
  1883 | D:3      | Found an iron altar of Okawaru.
  2269 | D:3      | Noticed Jessica
  2272 | D:3      | Killed Jessica
  2398 | D:3      | Reached skill level 5 in Unarmed Combat
  2564 | D:4      | Noticed an ogre
  2572 | D:4      | Killed an ogre
  2573 | D:4      | Reached XP level 6. HP: 62/62 MP: 5/5
  2662 | D:4      | Identified the +9 hunting sling "Spiderbane" {vorpal, rElec
                  | rPois Int+4}
  2691 | D:4      | Reached skill level 1 in Shields
  2691 | D:4      | Reached skill level 6 in Unarmed Combat
  2699 | D:4      | Reached *** piety under Trog
  2736 | D:4      | Reached XP level 7. HP: 68/68 MP: 6/6
  2841 | D:4      | Reached skill level 7 in Unarmed Combat
  2986 | D:4      | Identified the amulet "Kumaotei" {Spirit Int+3 Stlth+}
  3014 | D:4      | Found Wakkowal's Jewellery Shop.
  3412 | D:4      | Found an opulent altar of Gozag.
  3573 | D:5      | Entered Level 5 of the Dungeon
  3583 | D:5      | Reached XP level 8. HP: 78/78 MP: 7/7
  3652 | D:5      | Noticed Blork the orc
  3656 | D:5      | Reached skill level 1 in Stealth
  3666 | D:5      | Killed Blork the orc
  3667 | D:5      | Reached skill level 8 in Unarmed Combat
  3727 | D:5      | Found a radiant altar of Vehumet.
  4220 | D:6      | Reached **** piety under Trog
  4279 | D:6      | Reached skill level 9 in Unarmed Combat
  4284 | D:6      | Found a staircase to the Ecumenical Temple.
  4603 | D:6      | Noticed Edmund
  4609 | D:6      | Killed Edmund
  4610 | D:6      | Reached XP level 9. HP: 81/87 MP: 8/8
  4626 | D:6      | Found Hullaeso's Book Emporium.
  5005 | D:7      | Reached skill level 5 in Fighting
  5066 | D:7      | Found a sand-covered staircase.
  5075 | Ossuary  | Entered an ossuary
  5340 | Ossuary  | Reached ***** piety under Trog
  5408 | Ossuary  | Identified a scroll of acquirement
  5409 | Ossuary  | Acquired a manual of Armour
  5452 | D:7      | Reached skill level 10 in Unarmed Combat
  5476 | D:7      | Paralysed by a hornet for 3 turns
  5482 | D:7      | Paralysed by a hornet for 1 turns
  5542 | D:7      | Noticed Menkaure
  5550 | D:7      | Killed Menkaure
  5643 | D:7      | Noticed Dowan
  5644 | D:7      | Noticed Duvessa
  5648 | D:7      | Killed Dowan
  5657 | D:7      | HP: 4/132 [Duvessa/+0 short sword (17)]
  5658 | D:7      | Mangled by Duvessa

Illustrated notes

Levels and vault maps discovered:
D:1:      beargit_arrival_greenhouse, layout_rooms, moated_statue,
          minmay_misc_feat_rugged
D:2:      layout_rooms, serial_co_window_serial, co_window_paths_b,
          co_window_corner_a, co_window_paths_b, co_window_corner_a,
          co_window_paths_a, co_window_corner_b, co_window_broadway_b,
          co_window_corner_cb, co_window_cross_4, glass_columns_c,
          glass_columns_a, glass_columns_c, ebering_ecumenical_altar_mist,
          guppyfry_early_orc_mine
D:3:      minmay_razor_zed, layout_loops_ring, kennysheep_okawaru_gauntlet,
          uniq_jessica
D:4:      old_forge, layout_loops_ring, nicolae_overflow_hidden_temple,
          serial_shops, nicolae_shop_competitors_out_of_business
D:5:      layout_rooms, nicolae_vehumet_radiance, uniq_blork_the_orc
D:6:      layout_loops_ring, minmay_temple_entry_overgrown, serial_shops,
          nicolae_shop_waterfront, hangedman_decor_push, minivault_4,
          hangedman_decor_opposing, feat_on_display, uniq_edmund
D:7:      minmay_chambers_of_sevens, layout_loops_corners, enter_ossuary_4,
          uniq_menkaure, uniq_duvessa, uniq_harold

Skill      XL: |  1  2  3  4  5  6  7  8  9 |
---------------+----------------------------+-----
Fighting       | 3 4 5 |  5.2
Unarmed Combat | 4 5 6 7 9 10 | 10.4
Dodging        | 3 4 |  4.1
Shields        | 1 2 |  2.7
Stealth        | 1 |  1.7

Action                   |  1- 3 |  4- 6 |  7- 9 || total
-------------------------+-------+-------+-------++-------
Melee: Unarmed           |   101 |   149 |   286 ||   536
       Punch             |     1 |       |       ||     1
Invok: Berserk           |     2 |     3 |     6 ||    11
       Trog's Hand       |       |       |     1 ||     1
       Brothers in Arms  |       |       |     1 ||     1
  Use: Scroll            |       |     2 |     8 ||    10
       Potion            |       |       |     4 ||     4
 Stab: Sleeping          |       |       |    11 ||    11
       Distracted        |       |       |     1 ||     1
Armor: Animal skin       |    43 |    29 |    64 ||   136
Dodge: Dodged            |    51 |    57 |    75 ||   183
Block: Kite shield       |    13 |    50 |   106 ||   169

Table legend: (Time is in decaauts)
 A = Elapsed time spent in this place.
 B = Non-inter-level travel time spent in this place.
 C = Inter-level travel time spent in this place.
 D = Time resting spent in this place.
 E = Time spent auto-exploring this place.
 F = Levels seen in this place.
 G = Mean time per level.
                   A        B        C        D        E       F      G
               +--------+--------+--------+--------+--------+-----+--------+
         Total |   5817 |   5534 |    283 |    127 |   4055 |   8 |  727.1 |
       Dungeon |   5476 |   5193 |    283 |    127 |   3919 |   7 |  782.3 |
       Ossuary |    341 |    341 |      0 |      0 |    136 |   1 |  341.0 |
               +--------+--------+--------+--------+--------+-----+--------+

Top non-repeatable levels by time:
     D:3: 1111 daAuts
     D:4: 1042 daAuts
     D:2: 1015 daAuts
     D:6: 770 daAuts
     D:5: 635 daAuts
     D:1: 497 daAuts
     D:7: 403 daAuts
 Ossuary: 341 daAuts
